 Dungeon Crawl Stone Soup version 0.31-a0-185-g9dded2c639 (webtiles) character file.

Game seed: 11524876118585371390

606 qw the Skirmisher (level 7, -6/40 HPs)
             Began as a Deep Elf Hunter on June 22, 2023.
             Killed by nerve-wracking pain
             ... invoked by an orc priest
              (9 damage)
             ... on level 5 of the Dungeon.
             The game lasted 00:01:13 (3071 turns).

qw the Skirmisher (Deep Elf Hunter)                 Turns: 3071, Time: 00:01:13

Health: -6/40      AC:  7    Str: 10    XL:     7   Next: 19%
Magic:  9/9        EV: 11    Int: 14    God:
Gold:   243        SH:  0    Dex: 20    Spells: 6/6 levels left

rFire   . . .        Y - +0 shortbow
rCold   . . .        (shield currently unavailable)
rNeg    . . .        g - +0 ring mail
rPois   .            (helmet restricted)
rElec   .            (no cloak)
rCorr   .            (no gloves)
SInv    .            a - +1 pair of boots
Will    .....        f - amulet of regeneration
Stlth   ++           (no ring)
HPRegen 1.86/turn    (no ring)
MPRegen 0.11/turn

%: no passive effects
@: no status effects
A: horns 1, thin skeletal structure 1, regeneration 1, MP-powered wands
a: no special abilities


You were on level 5 of the Dungeon.
You visited 1 branch of the dungeon, and saw 5 of its levels.

You collected 243 gold pieces.


Innate Abilities, Weirdness & Mutations

You have a pair of small horns on your head.
You have a somewhat thin skeletal structure. (Dex +2, Stealth+)
Your natural rate of healing is unusually fast.
You expend magic power (3 MP) to strengthen your wands.


   Skills:
 - Level 2.2 Fighting
 + Level 10.5 Ranged Weapons
 - Level 1.6 Armour
 - Level 3.0 Dodging
 - Level 1.2 Stealth


You had 6 spell levels left.
You didn't know any spells.
Your spell library was empty.

Inventory:

Hand Weapons
 Y - a +0 shortbow (weapon)
Armour
 a - a +1 pair of boots (worn)
 g - a +0 ring mail (worn)
Jewellery
 f - an amulet of regeneration (around neck)
Scrolls
 h - 2 scrolls of identify
 i - a scroll of vulnerability {unknown}
 j - 2 scrolls of fear {unknown}
Potions
 b - 2 potions of curing
 c - a potion of heal wounds {unknown}
 d - a potion of mutation
 e - 2 potions of ambrosia {unknown}

Dungeon Overview and Level Annotations

Branches:
Dungeon (5/15)
 Temple: D:4-7

Altars:
The Shining One


Message History

The orc priest begins to cast a cantrip, but forgets the words!
Something hits you.
You shoot an arrow. The arrow hits the killer bee zombie.
The killer bee zombie is heavily damaged.
The killer bee zombie barely misses you.
The orc priest miscasts a cantrip.
Something hits you but does no damage.
The killer bee zombie closely misses you.
You shoot an arrow.
The arrow barely misses the killer bee zombie.
The arrow hits the orc priest.
The orc priest is moderately wounded.
The killer bee zombie closely misses you.
The orc priest looks satisfied for a moment.
Something hits you but does no damage.
The killer bee zombie barely misses you.
You shoot an arrow.
The arrow closely misses the killer bee zombie.
The arrow closely misses the orc priest.
The killer bee zombie completely misses you.
The orc priest casts a cantrip, but nothing happens.
The killer bee zombie hits you but does no damage.
You shoot an arrow. The arrow misses the killer bee zombie.
The arrow hits the orc priest.
The orc priest is severely wounded.
The killer bee zombie hits you.
The orc priest calls upon Beogh to heal the orc priest.
The orc priest is healed somewhat.
Something hits you.
The killer bee zombie hits you but does no damage.
You shoot an arrow.
The arrow closely misses the killer bee zombie.
The killer bee zombie closely misses you.
Something hits you. The killer bee zombie hits you.
You shoot an arrow.
The arrow completely misses the orc priest.
The orc priest calls upon Beogh to heal the orc priest.
The orc priest is healed somewhat.
Something hits you.
The orc priest calls down the wrath of Beogh upon you.
Pain shoots through your body!
You die...

................)......^)
#####.###..#####.########
# #.....## #.# .# #..####
#.# ..##...# #.# #.#...##
#.# ..>... #.# #####.#
##.####.####### #..
.......@{...... ##
##...PZoo...###
#.(........# #........=.#
#...!......# #..........#
#.####+##### ).


You could see 2 orc priests and a killer bee zombie.

Vanquished Creatures
  A water moccasin (D:5)
  An ogre (D:5)
  2 scorpions (D:5)
  2 centaur zombies (D:5)
  2 hounds
  A jelly (D:4)
  A sleepcap (D:4)
  3 adders
  A gnoll (D:1)
  An ufetubus (D:5)
  A dart slug (D:3)
  4 orcs
  5 bats
  9 endoplasms
  2 giant cockroaches
  8 goblins
  11 hobgoblins
  4 jackals (D:1)
  3 kobolds
  2 quokkas (D:1)
  4 ball pythons
  3 frilled lizards
  4 rats
75 creatures vanquished.

Notes
Turn   | Place    | Note
-------+----------+-------------------------------------------
     0 | D:1      | qw the Deep Elf Hunter began the quest for the Orb.
     0 | D:1      | Reached XP level 1. HP: 12/12 MP: 3/3
     0 | D:1      | 0 ||| qw: Version: 0.3-a-9-g12657ce
     0 | D:1      | 0 ||| qw: Game counter: 1811
     0 | D:1      | 0 ||| qw: Always use a shield: true
     0 | D:1      | 0 ||| qw: God list: Okawaru
     0 | D:1      | 0 ||| qw: Allow faded altars: false
     0 | D:1      | 0 ||| qw: Do Orc after D:15 true
     0 | D:1      | 0 ||| qw: Do second Lair branch before Depths: true
     0 | D:1      | 0 ||| qw: Lair rune preference: random
     0 | D:1      | 0 ||| qw: Plans: Normal
     0 | D:1      | 0 ||| PLANNING D:1-11
    36 | D:1      | Reached skill level 6 in Ranged Weapons
    36 | D:1      | Reached XP level 2. HP: 16/16 MP: 4/4
    97 | D:1      | 97 ||| FLEEEEING.
    98 | D:1      | 98 ||| FLEEEEING.
    99 | D:1      | 99 ||| FLEEEEING.
   100 | D:1      | 100 ||| FLEEEEING.
   101 | D:1      | 101 ||| FLEEEEING.
   104 | D:1      | 104 ||| FLEEEEING.
   105 | D:1      | 105 ||| FLEEEEING.
   106 | D:1      | 106 ||| FLEEEEING.
   107 | D:1      | 107 ||| FLEEEEING.
   108 | D:1      | 108 ||| FLEEEEING.
   109 | D:1      | 109 ||| FLEEEEING.
   110 | D:1      | 110 ||| FLEEEEING.
   111 | D:1      | 111 ||| FLEEEEING.
   112 | D:1      | 112 ||| FLEEEEING.
   113 | D:1      | 113 ||| FLEEEEING.
   114 | D:1      | 114 ||| FLEEEEING.
   117 | D:1      | 117 ||| FLEEEEING.
   118 | D:1      | 118 ||| FLEEEEING.
   119 | D:1      | 119 ||| FLEEEEING.
   120 | D:1      | 120 ||| FLEEEEING.
   121 | D:1      | 121 ||| FLEEEEING.
   123 | D:1      | 123 ||| FLEEEEING.
   124 | D:1      | 124 ||| FLEEEEING.
   125 | D:1      | 125 ||| FLEEEEING.
   229 | D:1      | HP: 4/16 [jackal (3)]
   263 | D:1      | Reached XP level 3. HP: 12/20 MP: 5/5
   665 | D:1      | 665 ||| UPGRADING to amulet of regeneration.
   670 | D:1      | 670 ||| READING scroll labelled ESCHOF GAOLEXTOY.
   771 | D:1      | 771 ||| READING 2 scrolls labelled BILOTOO NOCUF.
   772 | D:1      | 772 ||| READING scroll labelled BAMENU ICVIJUS.
   773 | D:1      | 773 ||| DROPPING scroll of butterflies.
   774 | D:1      | 774 ||| DROPPING scroll of amnesia.
   802 | D:2      | Reached skill level 7 in Ranged Weapons
  1398 | D:2      | Found a faded altar of an unknown god.
  1504 | D:2      | 1504 ||| UPGRADING to +0 pair of boots.
  1509 | D:2      | 1509 ||| DROPPING ring of wizardry.
  1510 | D:2      | 1510 ||| READING scroll labelled SET OBLUSHROEH.
  1511 | D:2      | 1511 ||| READING scroll labelled WITSUCAGOE.
  1577 | D:3      | Identified the +8 trident "Pusuarim" {drain, *Noise rPois
                  | rCorr Str+5}
  1708 | D:3      | Found a glowing golden altar of the Shining One.
  1846 | D:3      | Reached XP level 4. HP: 25/25 MP: 6/6
  2156 | D:3      | 2156 ||| UPGRADING to +0 ring mail.
  2166 | D:3      | 2166 ||| DROPPING +0 leather armour.
  2167 | D:3      | 2167 ||| READING scroll labelled JIESTO FAMOSS.
  2168 | D:3      | 2168 ||| DRINKING 2 viscous orange potions.
  2168 | D:3      | Gained mutation: You expend magic power (3 MP) to
                  | strengthen your wands. [potion of mutation]
  2168 | D:3      | Gained mutation: Your natural rate of healing is unusually
                  | fast. [potion of mutation]
  2168 | D:3      | Gained mutation: You have a somewhat thin skeletal
                  | structure. (Dex +2, Stealth+) [potion of mutation]
  2168 | D:3      | Gained mutation: You have a pair of small horns on your
                  | head. [potion of mutation]
  2169 | D:3      | 2169 ||| READING 2 scrolls of identify.
  2169 | D:3      | 2169 ||| IDENTIFYING puce potion
  2239 | D:4      | Reached skill level 8 in Ranged Weapons
  2445 | D:4      | Reached XP level 5. HP: 19/29 MP: 7/7
  2732 | D:4      | 2732 ||| DROPPING ring of magical power.
  2733 | D:4      | 2733 ||| DRINKING 2 fizzy emerald potions.
  2734 | D:4      | 2734 ||| DRINKING 2 fizzy purple potions.
  2735 | D:4      | 2735 ||| DROPPING potion of magic.
  2736 | D:4      | 2736 ||| DROPPING potion of invisibility.
  2761 | D:5      | Entered Level 5 of the Dungeon
  2762 | D:5      | 2762 ||| PLANNING OSSUARY
  2773 | D:5      | Noticed a water moccasin
  2778 | D:5      | Killed a water moccasin
  2779 | D:5      | Reached skill level 9 in Ranged Weapons
  2779 | D:5      | Reached XP level 6. HP: 16/34 MP: 8/8
  2849 | D:5      | Reached skill level 3 in Dodging
  2868 | D:5      | 2868 ||| READING scroll of enchant armour.
  2868 | D:5      | 2868 ||| ENCHANTING +0 pair of boots.
  2909 | D:5      | Reached skill level 10 in Ranged Weapons
  2946 | D:5      | Reached skill level 1 in Armour
  2949 | D:5      | Reached XP level 7. HP: 22/40 MP: 9/9
  3062 | D:5      | HP: 5/40 [orc priest/divine providence (13)]
  3064 | D:5      | HP: 2/40 [something (2)]
  3069 | D:5      | HP: 8/40 [killer bee zombie (2)]
  3071 | D:5      | HP: 3/40 [something (3)]
  3071 | D:5      | Killed from afar by an orc priest

Levels and vault maps discovered:
D:1:      mainiacjoe_arrival_reflecting_pool, layout_rooms, minmay_door_square,
          chequers_garden
D:2:      layout_basic, chequers_ecumenical_altar_simple_redux,
          minmay_misc_feat_alley, minmay_misc_feat_four_crosses,
          grunt_ministairs_13
D:3:      layout_loops_ring, tso_oasis_becter
D:4:      layout_loops_ring
D:5:      layout_basic, serial_undead, serial_undead_e, serial_undead_e,
          serial_undead_c, serial_undead_c, serial_undead_b,
          gup_ossuary_entry_pyramid, chequers_mini_garden, uniq_pikel

Skill      XL: |  1  2  3  4  5  6 |
---------------+-------------------+-----
Ranged Weapons | 6 7 8 9 10 | 10.5
Fighting       | 2 |  2.2
Dodging        | 3 |  3.0
Armour         | 1 |  1.6
Stealth        | |  1.2

Action                     |  1- 3 |  4- 6 |  7- 9 || total
---------------------------+-------+-------+-------++-------
   Fire: Shortbow          |   123 |    94 |    32 ||   249
    Use: Scroll            |     5 |     3 |       ||     8
         Potion            |       |     3 |       ||     3
 Armour: Leather armour    |    11 |       |       ||    11
         Ring mail         |       |    13 |    12 ||    25
  Dodge: Dodged            |    29 |    33 |    16 ||    78

Table legend:
 A = Non-vault XP
 B = Vault XP
 C = Vault XP percentage of total XP
 D = Non-vault monster count
 E = Vault monster count
 F = Vault count percentage of total count
                 A         B        C        D         E       F
            +---------+---------+-------+---------+---------+-------
      Total |     776 |      91 |  10.5 |      72 |       3 |   4.0
            +---------+---------+-------+---------+---------+-------
        D:1 |      56 |       0 |   0.0 |      25 |       0 |   0.0
        D:2 |      32 |       1 |   3.0 |      19 |       1 |   5.0
        D:3 |      17 |       0 |   0.0 |       7 |       0 |   0.0
        D:4 |     163 |       0 |   0.0 |      11 |       0 |   0.0
        D:5 |     508 |      90 |  15.1 |      10 |       2 |  16.7
            +---------+---------+-------+---------+---------+-------
